Map: Ephemeron LE

Players

ShoWTimE - Winner!

  • Race: Protoss Protoss
  • Spawn Location: 5:00

Stephano

  • Race: Zerg Zerg
  • Spawn Location: 11:00

VOD

Have the link to the VOD?

Description

Time

  • Played on: Sept. 6, 2019, 1:12 p.m.
  • Length: 11:49
Show
View Real Time Build Order
Export as new Build Order

ShoWTimE Protoss - Winner!

Build Orders: 1 Gate Expand, Mass Phoenix 

Get SALT Encoding   

  12  0:00  Probe  
  13  0:12  Probe  
  14  0:18  Pylon  
  14  0:24  Probe  
  15  0:32  Probe  
  15  0:38  Gateway  
  15  0:40  Probe  
  16  0:46  Assimilator  
  17  0:51  Probe  
  18  1:03  Probe  
  19  1:15  Probe  
  20  1:23  Nexus  
  20  1:33  Cybernetics Core  
  20  1:36  Probe  
  21  1:41  Assimilator  
  21  1:48  Probe  
  21  1:52  Pylon  
  22  2:00  Probe, Stalker  
  23  2:09  Warp Gate  
  23  2:12  Probe  
  26  2:22  Adept  
  26  2:24  Probe  
  26  2:27  Robotics Facility  
  27  2:31  Probe  
  27  2:36  Probe  
  31  2:39  Probe  
  32  2:49  Probe x2  
  33  2:53  Adept  
  36  3:01  Probe  
  36  3:02  Probe  
  36  3:04  Warp Prism  
  38  3:13  Probe  
  38  3:14  Probe  
  38  3:18  Pylon  
  42  3:25  Probe  
  42  3:26  Probe  
  44  3:28  Gateway  
  44  3:37  Probe  
  44  3:38  Probe  
  46  3:42  Stargate  
  46  3:45  Stargate  
  46  3:49  Probe  
  46  3:50  Probe  
  46  3:54  Assimilator  
  48  3:56  Assimilator  
  48  4:01  Probe  
  48  4:02  Probe  
  50  4:11  Pylon  
  50  4:13  Probe  
  50  4:14  Probe  
  50  4:15  Zealot  
  54  4:21  Phoenix x2  
  54  4:27  Pylon  
  54  4:29  Probe  
  59  4:38  Pylon  
  59  4:44  Phoenix x2  
  63  5:01  Immortal  
  63  5:03  Pylon  
  67  5:08  Phoenix x2  
  71  5:15  Gateway x2  
  69  5:21  Sentry  
  69  5:24  Phoenix x2  
  69  5:25  Zealot  
  73  5:34  Pylon  
  77  5:39  Immortal  
  81  5:45  Pylon  
  81  5:49  Phoenix  
  83  5:50  Zealot  
  83  5:56  Pylon  
  85  5:57  Phoenix  
  85  6:02  Probe x2  
  89  6:10  Immortal  
  89  6:11  Sentry  
  89  6:13  Shield Battery  
  89  6:14  Probe x2  
  97  6:26  Phoenix, Probe x2  
  101  6:38  Probe x2  
  103  6:44  Stalker x3  
  109  6:50  Probe  
  109  6:51  Shield Battery, Phoenix  
  109  6:52  Pylon  
  110  6:55  Probe  
  110  6:57  Zealot  
  109  7:08  Probe  
  110  7:10  Immortal  
  110  7:13  Cybernetics Core  
  110  7:15  Gateway  
  114  7:25  Nexus  
  114  7:27  Pylon  
  114  7:29  Zealot  
  116  7:34  Forge  
  116  7:41  Probe  
  116  7:42  Probe  
  116  7:43  Observer  
  119  7:52  Twilight Council  
  119  7:53  Probe  
  119  7:54  Probe  
  119  7:56  Shield Battery, Pylon  
  121  8:02  Zealot x2  
  121  8:04  Protoss Ground Weapons Level 1  
  125  8:06  Probe  
  125  8:11  Shield Battery  
  126  8:13  Pylon  
  126  8:14  Immortal  
  126  8:19  Gateway  
  130  8:22  Gateway  
  130  8:30  Charge  
  132  8:42  Templar Archives  
  132  8:43  Assimilator  
  130  8:50  Shield Battery  
  130  8:54  Gateway x2  
  130  8:58  Pylon  
  130  9:00  Psionic Storm  
  130  9:01  Assimilator  
  130  9:05  Pylon  
  130  9:07  Immortal  
  134  9:14  Pylon  
  134  9:22  High Templar x4  
  142  9:27  Nexus  
  140  9:36  Photon Cannon  
  140  9:38  Photon Cannon  
  140  9:40  Shield Battery  
  140  9:42  Pylon  
  140  9:46  High Templar x2  
  140  9:52  Zealot x2  
  148  10:01  High Templar x2  
  148  10:06  Zealot x2, Archon  
  156  10:14  Probe x3  
  159  10:25  Zealot x2, High Templar x2  
  159  10:26  Probe  
  168  10:31  Pylon, Archon  
  168  10:35  Zealot x4  
  176  10:46  Probe  
  176  10:47  Probe x2, Assimilator  
  179  10:51  Assimilator  
  171  10:57  Zealot x5  
  171  10:58  Zealot x2  
  181  11:07  Zealot  
  183  11:20  Fleet Beacon  
  183  11:22  Stargate  
  181  11:26  Stalker x5  
  181  11:29  Zealot x2  
  191  11:34  Archon  
  169  11:48  Stalker  
Show
View Real Time Build Order
Export as new Build Order

Stephano Zerg 

Build Orders: Hatch First 

Get SALT Encoding   

  12  0:00  Drone  
  13  0:12  Overlord  
  13  0:16  Drone  
  14  0:31  Drone  
  15  0:40  Drone  
  16  0:47  Hatchery  
  15  0:52  Drone  
  15  0:55  Drone  
  17  0:59  Drone  
  18  1:09  Extractor  
  17  1:14  Spawning Pool  
  17  1:17  Drone  
  17  1:22  Drone  
  18  1:29  Drone  
  19  1:39  Drone  
  20  1:50  Drone  
  21  2:01  Zergling x2, Queen x2  
  23  2:02  Overlord  
  26  2:10  Drone  
  26  2:11  Drone  
  28  2:23  Hatchery  
  28  2:25  Drone  
  28  2:27  Drone  
  29  2:33  Drone x2  
  31  2:39  Queen  
  33  2:46  Overlord  
  33  2:51  Metabolic Boost  
  33  2:52  Drone  
  33  2:55  Drone  
  33  2:58  Drone  
  36  3:06  Drone x2  
  36  3:10  Drone x2  
  36  3:11  Drone x2  
  36  3:12  Overlord  
  42  3:17  Queen  
  44  3:25  Spore Crawler  
  44  3:26  Drone  
  44  3:28  Evolution Chamber  
  44  3:29  Drone  
  44  3:31  Drone  
  45  3:37  Drone x2  
  47  3:44  Drone x2  
  47  3:45  Drone  
  47  3:47  Roach Warren  
  50  3:48  Drone  
  50  3:49  Drone x4  
  50  3:52  Overlord  
  55  4:03  Extractor  
  55  4:04  Zergling x8, Extractor  
  57  4:10  Queen  
  57  4:11  Overlord x2  
  59  4:18  Overlord  
  59  4:22  Overlord  
  59  4:27  Overlord  
  59  4:31  Zergling x8  
  63  4:38  Zergling x8  
  66  4:39  Lair  
  66  4:48  Zergling x4  
  68  4:55  Overlord, Drone  
  68  4:56  Drone x6  
  68  4:57  Spore Crawler  
  74  5:05  Overlord x2  
  74  5:12  Roach x6  
  85  5:21  Roach x5  
  95  5:32  Overlord  
  95  5:33  Roach x2  
  99  5:36  Glial Reconstitution  
  99  5:37  Roach x3  
  105  5:42  Overseer  
  105  5:45  Roach x3  
  105  5:47  Overlord  
  105  5:49  Drone x3  
  113  5:52  Evolution Chamber, Extractor x2  
  110  5:59  Drone x3  
  110  6:01  Overlord  
  113  6:06  Spore Crawler  
  113  6:08  Spore Crawler  
  113  6:10  Spore Crawler  
  106  6:11  Spore Crawler  
  106  6:13  Drone x4  
  106  6:14  Drone  
  106  6:15  Drone  
  109  6:20  Drone x2  
  108  6:28  Ravager x2  
  108  6:30  Drone x6  
  116  6:34  Drone x3  
  116  6:35  Ravager  
  116  6:39  Ravager x2  
  112  6:52  Drone x8  
  103  7:10  Baneling Nest, Queen, Zerg Melee Weapons Level 1  
  103  7:11  Queen x2  
  103  7:14  Roach x5  
  109  7:19  Roach  
  109  7:20  Spore Crawler  
  109  7:21  Overlord  
  109  7:22  Spore Crawler  
  107  7:32  Zergling x14  
  114  7:41  Overlord x3  
  110  7:55  Hatchery  
  110  7:56  Overlord  
  110  7:58  Overlord  
  107  7:59  Drone  
  107  8:05  Drone x5  
  111  8:10  Infestation Pit  
  111  8:11  Drone x2, Extractor  
  111  8:15  Centrifical Hooks  
  111  8:20  Drone x2  
  111  8:21  Overlord  
  113  8:30  Drone x3  
  114  8:39  Overlord  
  112  8:41  Overlord  
  112  8:46  Overlord  
  112  8:48  Hive  
  109  8:49  Spire  
  109  8:55  Drone  
  109  9:01  Spore Crawler  
  109  9:02  Spore Crawler, Drone x7  
  114  9:06  Pneumatized Carapace  
  114  9:08  Zerg Melee Weapons Level 2  
  114  9:12  Evolution Chamber  
  112  9:17  Spore Crawler  
  108  9:27  Drone x13  
  119  9:38  Pathogen Glands  
  119  9:40  Drone x3  
  119  9:41  Spore Crawler  
  119  9:42  Spore Crawler  
  120  9:49  Hatchery  
  118  10:01  Infestor x8  
  118  10:05  Extractor x2  
  118  10:06  Zergling x6  
  134  10:07  Zergling x2  
  134  10:08  Zergling x2  
  134  10:10  Zergling x4  
  134  10:11  Ravager x2  
  134  10:13  Zergling x4  
  142  10:16  Zergling x6  
  144  10:27  Roach  
  144  10:28  Roach x3  
  152  10:33  Overlord  
  151  10:36  Greater Spire  
  151  10:42  Queen  
  148  10:44  Overlord x3  
  150  10:51  Queen x2  
  142  10:57  Roach x6  
  142  11:00  Zergling x4  
  142  11:02  Baneling x4  
  137  11:08  Ravager x3  
  137  11:09  Zergling x8  
  143  11:18  Zergling x2  
  143  11:19  Zergling x16  
  143  11:23  Baneling x9  
Tags
 
Add a new tag
Caveats
  • Supply blocks, unpowered buildings, or Contaminate may cause inaccurate times.
  • Supply counts are checked every 10 seconds.